 Dungeon Crawl Stone Soup version 0.28.0-45-g0d030f2227 (webtiles) character file.

Game seed: 1770684840419314114

2 zeratav the Insei (level 1, 0/13 HPs)
             Began as an Octopode Transmuter on Apr 8, 2022.
             Slain by a jackal (3 damage)
             ... on level 1 of the Dungeon.
             The game lasted 00:00:06 (36 turns).

zeratav the Insei (Octopode Transmuter)               Turns: 36, Time: 00:00:06

Health: 0/13       AC:  1    Str:  9    XL:     1   Next: 30%
Magic:  3/3        EV: 13    Int: 15    God:
Gold:   0          SH:  0    Dex: 12    Spells: 3/4 levels left

rFire   . . .      SeeInvis .     - Unarmed
rCold   . . .      Faith    .   (no shield)
rNeg    . . .      Spirit   .   (helmet currently unavailable)
rPois   .          Reflect  .   (no amulet)
rElec   .          Harm     .   (no ring)
rCorr   .          Rampage  .   (no ring)
Will    .....                   (no ring)
Stlth   ++........              (no ring)
HPRegen 0.04/turn               (no ring)
MPRegen 0.08/turn               (no ring)
                                (no ring)
                                (no ring)

@: appendages (expiring)
A: tentacle spike 3, almost no armour, amphibious, 8 rings, camouflage 1,
gelatinous body 1, (nimble swimmer 1), tentacles
a: End Transformation


You were on level 1 of the Dungeon.
One of your tentacles had grown a beastly spike.
You visited 1 branch of the dungeon, and saw 1 of its levels.


Innate Abilities, Weirdness & Mutations

One of your tentacles has grown a beastly spike.
You cannot wear most types of armour.
You are amphibious.
You can wear up to eight rings at the same time.
Your skin changes colour to match your surroundings (Stealth+).
Your rubbery body absorbs attacks. (AC +1, EV +1)
((You are camouflaged when in or above water. (Stealth+)))
You have tentacles for arms and can constrict up to eight enemies at once.


   Skills:
 + Level 1.0 Fighting
 + Level 2.0 Dodging
 + Level 0.2 Stealth
 + Level 3.0 Unarmed Combat
 - Level 2.0 Spellcasting
 - Level 2.0 Transmutations


You had 3 spell levels left.
You knew the following spells:

 Your Spells              Type           Power      Damage    Failure   Level
a - Beastly Appendage     Tmut           14%        N/A       10%         1

Your spell library contained the following spells:

 Spells                   Type           Power      Damage    Failure   Level
 Wereblood                Tmut           7%         N/A       14%         2
 Spider Form              Tmut/Pois      4%         N/A       41%         3
 Ice Form                 Ice/Tmut       4%         N/A       82%         4

You aren't carrying anything.

Dungeon Overview and Level Annotations

Branches:
Dungeon (1/15)

Altars:

##### #####
#..h#.$.... ########
#..@hh.....
#......####.##......
#.####.#....# .....
#.#.<#.#....## ....
#....#.#.....#.. ...
.######.#.........
..
........#...#....b .
.######.....####...
..######.....# ...


You could see 3 jackals.


Message History

🤖 Initializing magus.rc ... ✅ Successfully initialized magus.rc [v1.9.6] Welcome, zeratav the Octopode Transmuter.
The glorious Orb of Zot lies far below, as if waiting for you to find it.
Press ? for a list of commands and other information.
Found a staircase leading out of the dungeon.
A hobgoblin comes into view.
One of your tentacles grows a vicious spike.
MP[-1]
You lost 1 mp, and now have 2/3 mp.
A bat comes into view.
The hobgoblin shouts!
You hear a bark! x3 4 jackals come into view.
The hobgoblin hits you.
The jackal moves out of view.
HP[-2]
You take 2 damage, and now have 11/13 hp.
You completely miss the hobgoblin.
The jackal barks!
Your grab misses the hobgoblin.
You pierce the hobgoblin.
You kill the hobgoblin!
You closely miss the bat. You grab the bat. Your squeeze misses the bat.
You constrict the bat. The bat barely misses you.
The bat struggles to escape constriction.
The bat barely misses you.
You completely miss the bat.
You pierce the bat, but do no damage.
Your squeeze misses the bat. You constrict the bat.
You kill the bat!
You closely miss the jackal. You grab the jackal.
Your transformation is almost over.
You constrict the jackal, but do no damage.
The jackal bites you.
HP[-2]
You take 2 damage, and now have 9/13 hp.
You tentacle-slap the jackal but do no damage.
You pierce the jackal, but do no damage.
You squeeze the jackal, but do no damage.
You constrict the jackal.
The jackal escapes!
You closely miss the jackal. Your grab misses the jackal.
You pierce the jackal, but do no damage.
Your squeeze misses the jackal. The jackal bites you. The jackal misses you.
The jackal barely misses you.
HP[-2]
You take 2 damage, and now have 7/13 hp.
You barely miss the jackal. You grab the jackal.
You pierce the jackal, but do no damage.
You constrict the jackal, but do no damage.
The jackal misses you.
You barely miss the jackal.
You constrict the jackal, but do no damage.
The jackal misses you. The jackal completely misses you.
You barely miss the jackal.
Your tentacle spike misses the jackal.
You constrict the jackal, but do no damage.
The jackal bites you.
* * * LOW HITPOINT WARNING * * *
The jackal barely misses you. The jackal bites you.
* * * LOW HITPOINT WARNING * * *
You are too injured to fight recklessly!
You are too injured to fight recklessly!
You are too injured to fight recklessly!
You are too injured to fight recklessly!
You are too injured to fight recklessly!
HP[-4] MP[+1]
You take 4 damage, and now have 3/13 hp.
MASSIVE DAMAGE!! (PAUSE)
Your mp is fully restored (3).
You are too injured to fight recklessly!
You are too injured to fight recklessly!
You tentacle-slap the jackal.
You kill the jackal!
The jackal bites you.
You die...

Action                   || total
-------------------------++-------
Melee: Unarmed           ||    10
       Kick              ||     5
       Constrict         ||     3
       Tentacles         ||     1
 Cast: Beastly Appendage ||     1
Dodge: Dodged            ||     8

Levels and vault maps discovered:
D:1:      zelgadis_glass_arrival_small, layout_rooms,
          shapermc_ecumenical_altar_gd, st_stairs_14,
          amcnicky_mini_rare_corridor_liquid, minmay_worlds_worst_comb

Notes
Turn   | Place    | Note
-------+----------+-------------------------------------------
     0 | D:1      | zeratav the Octopode Transmuter began the quest for the
                  | Orb.
     0 | D:1      | Reached XP level 1. HP: 13/13 MP: 3/3
     0 | D:1      | magus.rc [v1.9.6]
    35 | D:1      | HP: 3/13 [jackal (1)]
    36 | D:1      | Slain by a jackal

Vanquished Creatures
  A hobgoblin (D:1)
  A jackal (D:1)
  A bat (D:1)
3 creatures vanquished.

Table legend:
 A = Non-vault XP
 B = Vault XP
 C = Vault XP percentage of total XP
 D = Non-vault monster count
 E = Vault monster count
 F = Vault count percentage of total count
                 A         B        C        D         E       F
            +---------+---------+-------+---------+---------+-------
      Total |       5 |       0 |   0.0 |       3 |       0 |   0.0
            +---------+---------+-------+---------+---------+-------
        D:1 |       5 |       0 |   0.0 |       3 |       0 |   0.0
            +---------+---------+-------+---------+---------+-------

Illustrated notes

Table legend:
 A = Kills in this place as a percentage of kills in entire the game.
 B = Kills by you in this place as a percentage of kills by you in the entire game.
 C = Kills by friends in this place as a percentage of kills by friends in the entire game.
 D = Other kills in this place as a percentage of other kills in the entire game.
 E = Experience gained in this place as a percentage of experience gained in the entire game.
 F = Experience gained in this place divided by the number of levels of this place that you have seen.
                   A       B       C       D       E      F
               +-------+-------+-------+-------+-------+----------------------
         Total | 100.0 | 100.0 |   N/A |   N/A | 100.0 |   5.0
       Dungeon | 100.0 | 100.0 |   N/A |   N/A | 100.0 |   5.0
               +-------+-------+-------+-------+-------+----------------------

Table legend: (Time is in decaauts)
 A = Elapsed time spent in this place.
 B = Non-inter-level travel time spent in this place.
 C = Inter-level travel time spent in this place.
 D = Time resting spent in this place.
 E = Time spent auto-exploring this place.
 F = Levels seen in this place.
 G = Mean time per level.
                   A        B        C        D        E       F      G
               +--------+--------+--------+--------+--------+-----+--------+
         Total |     35 |     35 |      0 |      0 |     21 |   1 |   35.0 |
       Dungeon |     35 |     35 |      0 |      0 |     21 |   1 |   35.0 |
               +--------+--------+--------+--------+--------+-----+--------+

Top non-repeatable levels by time:
     D:1: 35 daAuts
